AoeStats
← EL EDU

Arabia

510912792Analyzed
2v2 RM · 21h ago on Oct 3, 2026· 64m 17s· 4 players
Game mode
Random Map
Map size
Medium (4 player)
Population
200
Speed
Normal
Resources
Standard
Victory
Conquest
Starting age
Dark Age
Ending age
Imperial Age
RankedLock teamsTeams togetherTeam positionsShared explorationLock speedFull tech treeHidden civsTurbo modeCheats
Victory
Defeat
🇵🇪 Saxons · Peru
744
+17
🇵🇪 Burmese · Peru
719
+18
🇦🇷 Franks · Argentina
812
-20
🇦🇷 Spanish · Argentina
700
-15
TIMVP
7:10 Loom
9:07 Loom
11:32 Feudal Age
12:09 Horse Collar
12:19 Man-at-Arms
15:54 Gold Mining
21:15 Scale Mail Armor
25:44 Castle Age
24:09 Stone Mining
24:49 Double-Bit Axe
30:02 Bow Saw
33:35 Wheelbarrow
34:27 Gold Shaft Mining
35:32 Hand Cart
35:38 Heavy Plow
37:15 Gambesons
36:50 Long Swordsman
37:35 Squires
38:20 Pikeman
38:51 Clerical Recruitment
43:02 Imperial Age
42:46 Redemption
43:51 Capped Ram
46:04 Theocracy
46:33 Halberdier
49:53 Scale Mail Armor
50:02 Scale Barding Armor
49:54 Herbal Medicine
51:35 Two-Handed Swordsman
52:53 Conscription
54:30 Chain Mail Armor
56:12 Plate Mail Armor
57:42 Chain Barding Armor
57:33 Forging
59:16 Bloodlines
59:06 Husbandry
58:28 Cavalier
A†ilA
9:54 Feudal Age
11:24 Wheelbarrow
15:15 Horse Collar
19:23 Loom
23:56 Castle Age
24:14 Fletching
25:42 Bodkin Arrow
27:33 Hand Cart
28:35 Heavy Plow
33:31 Bloodlines
33:22 Husbandry
36:28 Scale Barding Armor
39:18 Imperial Age
37:48 Manipur Cavalry
39:52 Elite Arambai
42:24 Conscription
47:27 Chemistry
46:48 Ballistics
46:29 Elite Skirmisher
59:08 Forging
59:19 Chain Barding Armor
EL EDU
1:14 Loom
11:46 Feudal Age
12:28 Double-Bit Axe
13:34 Town Watch
14:25 Wheelbarrow
17:57 Scale Barding Armor
18:06 Forging
20:59 Scale Mail Armor
24:26 Castle Age
23:04 Man-at-Arms
23:46 Gold Mining
23:46 Stone Mining
23:52 Stone Mining
24:29 Fletching
25:10 Husbandry
24:34 Light Cavalry
26:42 Hand Cart
26:42 Arson
31:33 Chain Barding Armor
31:54 Iron Casting
33:09 Gold Shaft Mining
37:54 Imperial Age
35:55 Chain Mail Armor
36:49 Bodkin Arrow
36:55 Padded Archer Armor
38:45 Cavalier
40:47 Hoardings
44:45 Blast Furnace
44:49 Elite Throwing Axeman
46:13 Town Patrol
46:34 Bow Saw
48:46 Paladin
53:42 Chemistry
53:03 Ballistics
52:40 Murder Holes
52:51 Siege Engineers
52:56 Masonry
53:00 Herbal Medicine
59:51 Plate Mail Armor
59:56 Plate Barding Armor
58:47 Pikeman
59:27 Squires
60:55 Conscription
61:47 Capped Ram
PatoCosta90
11:55 Feudal Age
17:08 Castle Age
22:52 Double-Bit Axe
23:14 Fletching
25:46 Horse Collar
26:23 Loom
27:14 Wheelbarrow
26:25 Town Watch
29:29 Bodkin Arrow
29:45 Forging
29:42 Scale Barding Armor
33:16 Heavy Plow
44:25 Imperial Age
43:47 Thumb Ring
43:04 Elite Skirmisher
44:00 Bloodlines
44:49 Bow Saw
46:42 Block Printing
47:59 Elite Conquistador
49:00 Conscription
50:00 Elite Conquistador
52:24 Husbandry
53:42 Chemistry
53:02 Ballistics
52:39 Murder Holes
53:57 Arrowslits
59:21 Cavalier
60:58 Paladin
Connection lost

Rejoining the realm…

Still unreachable

The connection could not be restored.

Session expired

The server has moved on; the page needs a fresh start.